 Dungeon Crawl Stone Soup version 0.14-a0-1403-g5d3c58f (webtiles) character file.

289 PolkaDot the Slasher (level 5, -2/38 HPs)
             Began as a Vampire Death Knight on Dec 10, 2013.
             Was a Believer of Yredelemnul.
             Slain by Grinder (6 damage)
             ... on Level 3 of the Dungeon.
             The game lasted 00:09:13 (2252 turns).

PolkaDot the Slasher (Vampire Death Knight)         Turns: 2252, Time: 00:09:13

HP  -2/38        AC  4     Str 12      XL: 5   Next: 37%
MP   4/5         EV 12     Int 13      God: Yredelemnul [**....]
Gold 104         SH  0     Dex 14      Spells:  0 memorised,  4 levels left

rFire  . . .     SeeInvis +     a - +1 falchion (curse)
rCold  . . .     Clarity  .     b - +0 leather armour
rNeg   . . .     Conserve .     (no shield)
rPois  .         rCorr    .     (no helmet)
rElec  .         rRot     .     f - +0 cloak
SustAb . .       Spirit   .     (no gloves)
rMut   .         Warding  .     (no boots)
Saprov . . .     Stasis   .     (no amulet)
                                (no ring)
                                c - ring of sustenance

@: regenerating quickly, slightly resistant to hostile enchantments, unstealthy
A: fangs 3, repulsion field 1, see invisible, low mp 1, unbreathing
a: Animate Remains, Recall Undead Slaves, Injury Mirror, Renounce Religion


You were on level 3 of the Dungeon.
You worshipped Yredelemnul.
Yredelemnul was pleased with you.
You were full.

You visited 1 branch of the dungeon, and saw 3 of its levels.

You collected 104 gold pieces.

Inventory:

Hand weapons
 a - a cursed +1,+1 falchion (weapon)
Armour
 b - a +0 leather armour (worn)
 f - a +0 cloak (worn)
Magical devices
 e - a wand of fireball (1)
Scrolls
 d - a scroll of fog {unknown}
 g - a scroll of fear {unknown}
 h - 2 scrolls of teleportation
 j - a scroll of identify
 k - a scroll of remove curse {unknown}
 m - a scroll of magic mapping {unknown}
 n - 3 scrolls of enchant weapon I {unknown}
Jewellery
 c - a ring of sustenance (left hand)
Potions
 i - 2 potions of restore abilities


   Skills:
 - Level 1.7 Fighting
 + Level 5.7 Long Blades
 - Level 0.7 Armour
 - Level 1.1 Dodging
 - Level 2.4 Invocations


You had 4 spell levels left.
You didn't know any spells.

Dungeon Overview and Level Annotations

Branches:
Dungeon (3/16)

Altars:
Sif Muna
the Shining One

Annotations:
D:3 Grinder


Innate Abilities, Weirdness & Mutations

Your natural rate of healing is unusually fast.
You have razor-sharp teeth.*
You have supernaturally acute eyesight.
You can survive without breathing.*
You are surrounded by a mild repulsion field (EV +2).+ Your magical capacity is low (-10% MP).+


Message History

The ball python bites you. The ball python barely misses you.
The adder bites your worm zombie.
You hit Grinder.
Grinder is almost dead.
The kobold hits your worm zombie with an orcish short sword.
The ball python bites you but does no damage.
The ball python barely misses you. Grinder hits you.
You writhe in agony.
The adder bites your worm zombie.
Your worm zombie barely misses the adder.
You barely miss Grinder.
Grinder is almost dead.
The kobold hits your worm zombie with an orcish short sword.
The adder bites your worm zombie. The ball python misses you.
The ball python closely misses you.
Grinder says, "Don't move a muscle."
Grinder hits you!
* * * LOW HITPOINT WARNING * * *
You writhe in agony.
You die...
Yredelemnul claims you as an undead slave.

########################
........................
#####...#######..g.......
# #...# #.@S....... #
#...# #.z5....... # #...#
#KS....... # #...#
#......... # #...#
#......... # #...#
#........ # #...#
#....... # #.. #...... #
...


You could see Grinder, an adder, a hobgoblin, a ball python, a kobold and a
friendly worm zombie.

Vanquished Creatures
  Crazy Yiuf (D:2)
  An orc wizard (D:3)
  A worker ant (D:2)
  Terence (D:2)
  3 adders
  2 worms
  2 giant geckos (D:2)
  An ooze (D:1)
  4 orcs (D:3)
  8 bats
  4 giant cockroaches
  8 goblins
  3 hobgoblins
  5 jackals (D:2)
  A quokka (D:3)
  2 giant newts
  A kobold (D:2)
  5 rats
53 creatures vanquished.

Vanquished Creatures (collateral kills)
  A gnoll (D:2)
  A kobold (D:2)
2 creatures vanquished.

Vanquished Creatures (others)
  An adder zombie (D:2)
  An adder skeleton (D:2)
  A giant cockroach zombie (D:3)
  A giant gecko skeleton (D:2)
  A rat zombie (D:2)
5 creatures vanquished.

Grand Total: 60 creatures vanquished

Notes
Turn   | Place    | Note
--------------------------------------------------------------
     0 | D:1      | PolkaDot, the Vampire Death Knight, began the quest for the Orb.
     0 | D:1      | Reached XP level 1. HP: 16/16 MP: 1/1
   236 | D:1      | Reached XP level 2. HP: 17/22 MP: 2/2
   339 | D:1      | Reached skill level 3 in Long Blades
   552 | D:2      | Noticed Terence
   558 | D:2      | Killed Terence
   558 | D:2      | Reached XP level 3. HP: 22/27 MP: 4/4
   801 | D:2      | Found a glowing golden altar of the Shining One.
   807 | D:2      | Reached skill level 4 in Long Blades
   820 | D:2      | Found a deep blue altar of Sif Muna.
   928 | D:2      | Acquired Yredelemnul's second power
  1020 | D:2      | Reached XP level 4. HP: 31/33 MP: 5/5
  1412 | D:2      | Noticed Crazy Yiuf
  1423 | D:2      | Killed Crazy Yiuf
  1626 | D:3      | Gained mutation: Your magical capacity is low (-10% MP). [potion of mutation]
  1626 | D:3      | Gained mutation: You are surrounded by a mild repulsion field (EV +2). [potion of mutation]
  1645 | D:2      | Reached skill level 5 in Long Blades
  1665 | D:2      | Reached XP level 5. HP: 16/38 MP: 5/5
  2234 | D:3      | Noticed Grinder
  2236 | D:3      | Paralysed by Grinder for 2 turns
  2241 | D:3      | Paralysed by Grinder for 2 turns
  2252 | D:3      | Slain by Grinder

Action                   |  1- 3 |  4- 6 || total
-------------------------+-------+-------++-------
Melee: Falchion          |   118 |   126 ||   244
Invok: Animate Remains   |     4 |     8 ||    12
       Recall Undead Sla |       |     2 ||     2
Evoke: Wand              |     1 |     1 ||     2
  Use: Potion            |     4 |     4 ||     8
       Scroll            |     4 |     3 ||     7
